 Dungeon Crawl Stone Soup version 0.31.0-32-g396128a36d (webtiles) character file.

Game seed: 3396697679847915375

424705 Squishy the Slayer (level 22, -3/222 HPs)
             Began as a Minotaur Berserker on Apr 11, 2024.
             Was the Champion of Trog.
             Slain by a red very ugly thing (18 damage)
             ... on level 5 of the Vaults on Apr 13, 2024.
             The game lasted 03:56:48 (66879 turns).

Squishy the Slayer (Minotaur Berserker)            Turns: 66879, Time: 03:56:49

Health: -3/222     AC: 38    Str: 32    XL:     22   Next: 72%
Magic:  21/21      EV: 11    Int:  3    God:    Trog [******]
Gold:   3705       SH: 26    Dex: 11    Spells: 21/21 levels left

rFire   . . .        c - +6 war axe of Destiny {flame, rN++ rCorr Str+3 Int-5}
rCold   + + +        d - +4 tower shield
rNeg    + + +        t - +10 plate armour of Wu Jian's Castigation {*Corrode Will+++ Int+4}
rPois   +            (helmet unavailable)
rElec   .            (no cloak)
rCorr   +            g - +2 pair of gloves of Tinagh {rC+ Regen+}
SInv    .            k - +2 pair of boots "Zoppo" {*Corrode rN++ Will+++ Regen+}
Will    +++++        C - amulet of the acrobat Stlth
                     q - ring of protection from cold
HPRegen 2.97/turn    J - ring of Zorey {Fly rPois rC+++ Will- Dex-3}
MPRegen 0.17/turn

%: corrode self (6%), acrobat
@: flying, studying Ice Magic
A: horns 3, retaliatory headbutt, strong-willed 1, regeneration 1, subdued magic
1
}: 2/15 runes: decaying, gossamer
a: Renounce Religion, Berserk, Trog's Hand, Brothers in Arms


You were on level 5 of the Vaults.
You worshipped Trog.
Trog was exalted by your worship.
You visited 11 branches of the dungeon, and saw 40 of its levels.
You also visited: Gauntlet, Ice Cave and Desolation.

You collected 4612 gold pieces.
You spent 907 gold pieces at shops.

Inventory:

Hand Weapons
 c - the +6 war axe of Destiny (weapon) {flame, rN++ rCorr Str+3 Int-5}
   (You found it on level 2 of the Spider Nest)

   Str+3:     It affects your strength (+3).
   Int-5:     It affects your intelligence (-5).
   rN++:      It greatly protects you from negative energy.
   rCorr:     It protects you from acid and corrosion.
 e - the +11 arbalest "Mauqyamu" {heavy, rElec Will++ Str-2}
   (You found it on level 14 of the Dungeon)

   Str-2:     It affects your strength (-2).
   rElec:     It insulates you from electricity.
   Will++:    It greatly increases your willpower.
 H - the +8 short sword of Torhala {freeze, Str+3}
   (You found it in a Gauntlet)

   Str+3:     It affects your strength (+3).
Missiles
 O - 25 large rocks
Armour
 d - a +4 tower shield (worn)
 g - the +2 pair of gloves of Tinagh (worn) {rC+ Regen+}
   (You found it on level 10 of the Dungeon)

   rC+:       It protects you from cold.
   Regen+:    It increases your rate of health regeneration.
 k - the +2 pair of boots "Zoppo" (worn) {*Corrode rN++ Will+++ Regen+}
   (You acquired it on level 5 of the Dungeon)

   rN++:      It greatly protects you from negative energy.
   Will+++:   It greatly increases your willpower.
   Regen+:    It increases your rate of health regeneration.
   *Corrode:  It may corrode you when you take damage.
 t - the +10 plate armour of Wu Jian's Castigation (worn) {*Corrode Will+++ Int+4}
   (You acquired it on level 5 of the Dungeon)

   Int+4:     It affects your intelligence (+4).
   Will+++:   It greatly increases your willpower.
   *Corrode:  It may corrode you when you take damage.
 x - a scarf of shadows
 U - the +6 gold dragon scales "Umpumn" {rPois rF+ rC+ MP+9 Str-3 Dex-2 Stlth+}
   (You found it in the Desolation of Salt)

   Str-3:     It affects your strength (-3).
   Dex-2:     It affects your dexterity (-2).
   rF+:       It protects you from fire.
   rC+:       It protects you from cold.
   rPois:     It protects you from poison MP+9: It affects your magic capacity
   (+9).
   Stlth+:    It makes you more stealthy.
Jewellery
 n - a ring of protection from fire
 q - a ring of protection from cold (left hand)
 s - a +6 ring of strength
 y - a +5 ring of evasion
 C - an amulet of the acrobat (around neck)
 F - a ring of magical power
 J - the ring of Zorey (right hand) {Fly rPois rC+++ Will- Dex-3}
   (You found it in a Gauntlet)

   [ring of flight]

   Dex-3:     It affects your dexterity (-3).
   rC+++:     It renders you almost immune to cold.
   rPois:     It protects you from poison Will-: It decreases your willpower.
   Fly:       It grants you flight.
 T - a ring of protection from cold
 V - the ring of Vytabodgh {^Drain rPois Str+6 Int+3}
   (You took it off a servant of whispers in the Desolation of Salt)

   [ring of poison resistance]

   Str+6:     It affects your strength (+6).
   Int+3:     It affects your intelligence (+3).
   rPois:     It protects you from poison ^Drain: It drains your maximum health
   when unequipped.
 W - the ring of Pupaipsycs {Ice rPois}
   (You took it off a servant of whispers in the Desolation of Salt)

   [ring of ice]

   Ice:       It enhances your ice magic.
   rF-:       It makes you vulnerable to fire.
   rC+:       It protects you from cold.
   rPois:     It protects you from poison
 X - a ring of magical power
Wands
 i - a wand of paralysis (10)
 w - a wand of roots (12)
 z - a wand of acid (23)
 B - a wand of mindburst (11)
 I - a wand of flame (12)
 R - a wand of polymorph (9)
Scrolls
 h - 2 scrolls of enchant weapon
 o - a scroll of revelation
 v - 2 scrolls of fog
 D - a scroll of teleportation
 K - a scroll of summoning
 L - 5 scrolls of poison
 P - 6 scrolls of vulnerability
 S - 8 scrolls of identify
Potions
 a - a potion of berserk rage
 b - 7 potions of lignification
 f - 14 potions of haste
 l - 19 potions of curing
 m - 3 potions of heal wounds
 p - 3 potions of invisibility
 r - 6 potions of brilliance
 u - 3 potions of resistance
 A - 10 potions of ambrosia
 E - 3 potions of magic
 N - 3 potions of might
 Q - 5 potions of attraction
Miscellaneous
 j - a phantom mirror
 G - a sack of spiders
 M - a phial of floods


   Skills:
 * Level 23.8 Fighting
 + Level 0.4 Short Blades
 + Level 16.6(17.4) Axes
 - Level 9.1(13.9) Polearms
 * Level 22.5 Armour
 + Level 7.8 Dodging
 + Level 3.7 Stealth
 + Level 23.0 Shields
 * Level 13.4 Evocations


You had 21 spell levels left.
You didn't know any spells.
Your spell library was empty.

Dungeon Overview and Level Annotations

Branches:
Dungeon (15/15)            Temple (1/1) D:6            Lair (5/5) D:8
  Swamp (4/4) Lair:2       Spider (4/4) Lair:3        Slime (0/5) Lair:5
    Orc (2/2) D:9             Elf (1/3) Orc:2        Vaults (5/5) D:13
  Crypt (1/3) Vaults:2     Depths (1/4) D:15           Hell (visited)
  IceCv (visited)         Desolation (visited)      Gauntlet (visited)
    Dis: Hell:1         Geh: Hell:1         Coc: Hell:1         Tar: Hell:1

Altars:
Ashenzari
Cheibriados
Dithmenos
Elyvilon
Fedhas
Gozag
Hepliaklqana
Kikubaaqudgha
Makhleb
Nemelex Xobeh
Okawaru
Qazlal
Ru
Sif Muna
Trog
Uskayaw
Vehumet
Wu Jian
Xom
Yredelemnul
Zin
The Shining One
Jiyva

Shops:
D:2 *   D:4 [   D:5 [=*(   D:6 (   D:7 (   D:10 !   D:11 (   Orc:1 *
Orc:2 !?[   Vaults:3 *   Vaults:4 (

Portals:
Hell: Lair:5

Annotations:
Hell Geryon


Innate Abilities, Weirdness & Mutations

You have a pair of large horns on your head.
You reflexively headbutt those who attack you in melee.
You are strong-willed. (Will+)
Your natural rate of healing is unusually fast.
Your spells are a little easier to cast, but a little less powerful.


Message History

The white very ugly thing freezes you! You resist.
* * * LOW HITPOINT WARNING * * *
The white very ugly thing gores you but does no damage.
Unknown command.
Unknown command.
You feel much better.
The merfolk changes into a tarantella!
A yaktaur captain comes into view. x2
You block the fire giant's attack. The titan barely misses you.
You furiously retaliate!
You headbutt the titan!!
The ironbound convoker gestures at the titan while chanting.
The titan seems to grow stronger.
The white very ugly thing barely misses you.
You furiously retaliate!
You headbutt the white very ugly thing!
You kill the white very ugly thing!
Trog accepts your kill.
You block the white very ugly thing's attack.
You feel much better.
Your surroundings suddenly seem different.
Found 179 gold pieces.
Unknown command.
You see here 13 gold pieces.
A red very ugly thing comes into view.
The red very ugly thing gurgles horribly!
You see here 22 gold pieces.
The red very ugly thing tail-slaps you!
You are engulfed in flames!!
* * * LOW HITPOINT WARNING * * *
You slice the red very ugly thing!! You burn the red very ugly thing.
You headbutt the red very ugly thing!
The red very ugly thing is heavily wounded.
You hear a shout!
The red very ugly thing tail-slaps you!
* * * LOW HITPOINT WARNING * * *
You are engulfed in flames!!
* * * LOW HITPOINT WARNING * * *
You feel much better.
A vault sentinel comes into view. It is wielding a +0 war axe.
The red very ugly thing tail-slaps you!
* * * LOW HITPOINT WARNING * * *
You are engulfed in flames!!
You die...

###########
#.....$$$$#
##.....$$##
##.$$$$##
##.@$##
##u## #'#
... ...
p###. # #


You could see a red very ugly thing and a vault sentinel.

Vanquished Creatures
  Mennas (Vaults:3)
  Jory (Vaults:3)
  A lich (Vaults:4)
  3 titans
  A quicksilver dragon (Vaults:4)
  Asterion (Vaults:3)
  2 thorn hunters (Swamp:4)
  5 sphinxes
  Kirke (D:15)
  A tengu reaver (Vaults:1)
  Aizul (Swamp:3)
  12 vault wardens
  2 imperial myrmidons (Desolation)
  Louise (Spider:1)
  3 ghost moths
  4 frost giants (Vaults:4)
  4 emperor scorpions
  17 ironbound preservers
  A curse skull (Vaults:2)
  An orc warlord (Vaults:3)
  A formless jellyfish (Vaults:4)
  A ghoul (Vaults:2)
  4 stone giants
  6 very ugly things
  4 broodmothers
  8 ironbound thunderhulks
  A deep elf death mage (Vaults:4)
  3 eleionomae
  A deep elf annihilator (Vaults:1)
  Nessos (D:12)
  4 war gargoyles
  4 bunyips
  4 halazid warlocks (Desolation)
  4 spark wasps
  A minotaur (Gauntlet)
  6 dire elephants
  The ghost of Ononaeto the Cleaver, a journeyman HOFi of Okawaru (Orc:1)
  2 crystal guardians
  An ettin (Vaults:3)
  5 entropy weavers
  A deep elf high priest (Vaults:4)
  2 fire dragons (D:15)
  A shambling mangrove (Swamp:4)
  10 yaktaur captains
  Fannar (D:8)
  7 great orbs of eyes
  9 ragged hierophants (Desolation)
  18 hydras
  An ice dragon (IceCv)
  3 jorogumos
  33 vault guards
  12 peacekeepers
  2 radroaches
  Erolcha (D:10)
  15 alligators
  10 servants of whispers (Desolation)
  2 ogre magi
  11 boulder beetles
  2 catoblepae
  12 ironbound frosthearts
  4 ghost crabs
  22 centaur warriors
  11 death yaks (Lair:3)
  7 two-headed ogres
  A spriggan berserker (Swamp:3)
  8 demonic crawlers
  A deep troll earth mage (D:13)
  A storm dragon zombie (Vaults:2)
  A sun demon (Lair:5)
  Sonja (D:10)
  6 orc high priests (Orc:2)
  Amaemon (D:7)
  6 pharaoh ants
  4 spriggan druids
  A deep troll (shapeshifter) (Vaults:3)
  A goliath frog (Swamp:1)
  A glowing orange brain (Vaults:1)
  7 orb spiders
  Lodul (D:14)
  7 bog bodies
  44 deep trolls
  3 necromancers
  2 phantasmal warriors
  A tengu zombie (Vaults:1)
  A sun moth (Spider:3)
  7 arcanists
  9 swamp dragons
  A deep elf zephyrmancer (Orc:2)
  A cyclops (shapeshifter) (Vaults:5)
  10 steelbarb worms
  19 ironbound convokers
  6 orc sorcerers (Orc:2)
  7 lindwurms
  5 deep elf pyromancers
  2 orc knights
  An eleionoma zombie (Crypt:1)
  A shining eye (shapeshifter) (Vaults:3)
  26 ugly things
  17 wolf spiders
  3 cyclopes
  A will-o-the-wisp (Swamp:1)
  3 moths of wrath
  21 elephants
  10 meliai
  A meliai (shapeshifter) (D:13)
  6 guardian serpents (Desolation)
  28 vault sentinels
  2 ice statues (IceCv)
  A human skeleton (Vaults:2)
  A water nymph (D:15)
  6 torpor snails
  A molten gargoyle (Desolation)
  2 gargoyles
  Maggie (D:8)
  An unseen horror (D:12)
  4 orange demons
  10 cane toads
  Jeremiah (D:8)
  2 efreet (D:8)
  12 komodo dragons
  32 yaktaurs
  11 rime drakes
  An elf skeleton (Vaults:2)
  3 ice devils
  A red devil (Lair:5)
  A bloated husk (Swamp:4)
  2 polar bears
  3 trolls
  A hellwing (Lair:5)
  8 hornets
  76 saltlings (Desolation)
  7 tyrant leeches
  24 tarantellas
  An ettin zombie (Vaults:2)
  5 dream sheep (Lair:5)
  A fire giant simulacrum (Vaults:2)
  41 slime creatures
  23 blink frogs
  25 jumping spiders
  7 spriggans
  An ettin skeleton (Vaults:2)
  5 shadows
  3 centaur simulacra (D:13)
  19 culicivoras
  4 wyverns
  46 yaks
  3 hogs (D:15)
  8 wraiths
  4 water elementals (D:13)
  The ghost of gamers12 the Trooper, an amateur HOFi of Uskayaw (D:6)
  A fire elemental (Elf:1)
  4 basilisks
  10 wargs
  13 vampire mosquitoes
  A human simulacrum (Vaults:2)
  48 redbacks
  3 acid dragons
  17 swamp worms
  16 water moccasins
  4 hell hounds (Lair:5)
  6 swamp drakes
  4 black bears
  18 orc warriors
  A sky beast (D:6)
  A meliai simulacrum (D:13)
  3 laughing skulls
  16 ogres
  2 ice beasts
  5 boggarts (Vaults:2)
  14 wolves
  7 centaurs
  A phantom (D:5)
  5 kobold brigands
  6 bullfrogs
  A gnoll sergeant (D:10)
  A scorpion (D:4)
  A necrophage (D:4)
  3 wights (D:4)
  2 lindwurm simulacra (IceCv)
  15 killer bees (D:9)
  3 electric eels
  A howler monkey (D:9)
  A bombardier beetle (D:4)
  A bullfrog zombie (D:4)
  2 jellies
  8 komodo dragon simulacra (IceCv)
  20 orc priests
  2 hounds (D:6)
  5 human zombies
  A gnoll bouda (D:5)
  A sleepcap (D:6)
  7 iguanas
  19 orc wizards
  A scorpion zombie (D:4)
  3 hound zombies (D:4)
  2 mummies (D:4)
  4 acid dragon simulacra (IceCv)
  6 gnolls (D:5)
  7 adders
  A shadow imp (D:7)
  9 white imps
  An ufetubus (D:13)
  7 steam dragon simulacra (IceCv)
  5 dart slugs
  5 ribbon worms
  85 orcs
  11 endoplasms
  6 giant cockroaches
  6 goblins
  9 hobgoblins
  A jackal (D:1)
  2 quokkas (D:4)
  11 ball pythons
  8 bats
  5 frilled lizards
  30 kobolds
  8 rats
  A spectral weapon (Vaults:3)
1551 creatures vanquished.

Vanquished Creatures (others)
  3 hydras
  A goliath frog (Swamp:4)
  3 meliai (Spider:4)
  Maurice (D:8)
  A will-o-the-wisp (Swamp:4)
  A molten gargoyle (Desolation)
  4 bloated husks
  A tyrant leech (Swamp:3)
  A hornet (Swamp:4)
  A saltling (Desolation)
  A jumping spider (Spider:3)
  A spriggan (Swamp:4)
  A yak (D:8)
  A vampire (D:13)
  A human (D:15)
  A swamp worm (Swamp:4)
  A swamp drake (Swamp:4)
  An orc wizard (Orc:2)
  An orc (Orc:2)
  6 foxfires
32 creatures vanquished.

Grand Total: 1583 creatures vanquished

Notes
Turn   | Place    | Note
-------+----------+-------------------------------------------
     0 | D:1      | Squishy the Minotaur Berserker began the quest for the Orb.
     0 | D:1      | Reached XP level 1. HP: 19/19 MP: 0/0
    67 | D:1      | Reached XP level 2. HP: 26/27 MP: 1/1
   567 | D:1      | Reached XP level 3. HP: 24/33 MP: 2/2
   762 | D:2      | Found a faded altar of an unknown god.
   766 | D:2      | Reached ** piety under Trog
  1140 | D:2      | Found Apee's Assorted Antiques.
  1547 | D:3      | Reached XP level 4. HP: 40/41 MP: 3/3
  1557 | D:3      | Reached skill level 5 in Axes
  1809 | D:3      | Reached XP level 5. HP: 46/47 MP: 4/4
  2006 | D:3      | Noticed an ogre
  2014 | D:3      | Killed an ogre
  2015 | D:3      | Reached skill level 1 in Stealth
  2197 | D:3      | Reached *** piety under Trog
  2583 | D:4      | Reached XP level 6. HP: 39/55 MP: 5/5
  2889 | D:4      | Reached skill level 5 in Fighting
  3399 | D:4      | Reached XP level 7. HP: 61/61 MP: 6/6
  4050 | D:4      | Found a basalt altar of Yredelemnul.
  4289 | D:4      | Reached skill level 5 in Armour
  4556 | D:4      | Found Pumm's Antique Armour Shoppe.
  5310 | D:5      | Entered Level 5 of the Dungeon
  5441 | D:5      | Reached XP level 8. HP: 52/69 MP: 7/7
  5552 | D:5      | Found Baryeb's Antique Weapon Shop.
  5565 | D:5      | Found Ovippek's Assorted Antiques.
  5599 | D:5      | Found Eqaahepn's Antique Armour Shoppe.
  5605 | D:5      | Reached **** piety under Trog
  5691 | D:5      | Bought a kite shield for 94 gold pieces
  5696 | D:5      | Bought a pair of glowing boots for 157 gold pieces
  6017 | D:5      | Reached skill level 1 in Shields
  6282 | D:5      | Found Jurefed's Jewellery Shop.
  6584 | D:5      | Identified 2 scrolls of acquirement
  6584 | D:5      | Acquired the +10 plate armour of Wu Jian's Castigation
                  | {*Corrode Will+++ Int+4}
  6598 | D:5      | Acquired the +2 pair of boots "Zoppo" {*Corrode rN++
                  | Will+++ Regen+}
  6627 | D:6      | Found Quaclikh's Weapon Emporium.
  6652 | D:6      | Found a glowing silver altar of Zin.
  6700 | D:6      | Found a staircase to the Ecumenical Temple.
  6711 | Temple   | Entered the Ecumenical Temple
  6901 | D:6      | Found a runed translucent door.
  6914 | D:6      | Noticed gamers12's ghost (amateur HOFi)
  6932 | D:6      | Killed gamers12's ghost
  6933 | D:6      | Reached skill level 10 in Axes
  7030 | D:6      | Reached XP level 9. HP: 78/78 MP: 8/8
  7283 | D:7      | Found Deczuon's Weapon Emporium.
  7973 | D:8      | Noticed Amaemon
  7974 | D:8      | Noticed an orange demon
  8123 | D:7      | Killed Amaemon
  8189 | D:8      | Killed an orange demon
  8213 | D:8      | Noticed Jeremiah
 10481 | D:8      | Killed Jeremiah
 10859 | D:8      | Noticed Maggie
 10875 | D:8      | Killed Maggie
 10876 | D:8      | Reached XP level 10. HP: 86/86 MP: 9/9
 10911 | D:8      | Noticed a centaur warrior
 10981 | D:8      | Killed a centaur warrior
 10982 | D:8      | Reached skill level 5 in Shields
 11006 | D:8      | Reached skill level 5 in Dodging
 11494 | D:8      | Identified the +2 trident of the Unspeakable One {venom,
                  | ^Drain rN+++ rCorr Dex-2}
 11494 | D:8      | Noticed Maurice
 11501 | D:8      | Killed Maurice
 11712 | D:8      | Found a staircase to the Lair.
 11791 | Lair:1   | Entered Level 1 of the Lair of Beasts
 11791 | Lair:1   | Noticed Fannar
 12057 | D:8      | Reached skill level 5 in Polearms
 12399 | D:8      | Killed Fannar
 12400 | D:8      | Reached skill level 1 in Evocations
 12638 | Lair:1   | Noticed a cane toad
 12650 | Lair:1   | Killed a cane toad
 12651 | Lair:1   | Reached XP level 11. HP: 95/95 MP: 10/10
 12936 | D:9      | Noticed a two-headed ogre
 12949 | D:9      | Killed a two-headed ogre
 13264 | D:9      | Found a staircase to the Orcish Mines.
 13381 | D:9      | Reached ***** piety under Trog
 13406 | Orc:1    | Entered Level 1 of the Orcish Mines
 13457 | D:9      | Noticed a white ugly thing
 13473 | D:9      | Killed a white ugly thing
 13667 | D:9      | Found a shimmering blue altar of Sif Muna.
 13759 | D:9      | Reached skill level 10 in Armour
 14474 | D:10     | Entered Level 10 of the Dungeon
 14560 | D:10     | Found Erruuhof's Distillery.
 14585 | D:10     | Reached XP level 12. HP: 115/115 MP: 11/11
 14639 | D:10     | Identified the +2 pair of gloves of Tinagh {rC+ Regen+}
 14754 | D:10     | Noticed Erolcha
 14762 | D:10     | Killed Erolcha
 14768 | D:10     | Noticed a two-headed ogre
 14770 | D:10     | Noticed a two-headed ogre
 14849 | D:10     | Noticed Sonja
 14877 | D:10     | Killed Sonja
 14939 | D:10     | Killed a two-headed ogre
 14945 | D:10     | Killed a two-headed ogre
 16286 | D:11     | Noticed a two-headed ogre
 16307 | D:11     | Killed a two-headed ogre
 16704 | D:11     | Found Urphueqo's Weapon Shoppe.
 17256 | D:12     | Found a gate leading to a gauntlet.
 17265 | Gauntlet | Entered a Gauntlet
 17265 | Gauntlet | Found a transporter.
 17265 | Gauntlet | Found a transporter.
 17267 | Gauntlet | Noticed a death scarab
 17269 | Gauntlet | Found a transporter.
 17269 | Gauntlet | Noticed a catoblepas
 17272 | Gauntlet | Found a transporter.
 17273 | Gauntlet | Found a transporter.
 17273 | Gauntlet | Found a transporter.
 17301 | Gauntlet | Found a transporter.
 17305 | Gauntlet | Found a transporter.
 17309 | Gauntlet | Found a runed translucent door.
 17311 | Gauntlet | Found a runed translucent door.
 17313 | Gauntlet | Found a transporter.
 17329 | Gauntlet | Found a transporter.
 17330 | Gauntlet | Noticed a green death
 17343 | Gauntlet | Found a transporter.
 17347 | Gauntlet | Found a transporter.
 17349 | Gauntlet | Found a runed translucent gate.
 17349 | Gauntlet | Found a runed translucent gate.
 17349 | Gauntlet | Found a runed translucent gate.
 17434 | Gauntlet | Noticed a minotaur
 17510 | Gauntlet | Killed a catoblepas
 17704 | Gauntlet | Reached XP level 13. HP: 124/124 MP: 12/12
 17902 | Gauntlet | Identified the +2 chain mail of the Sturgeon {Rampage
                  | Dex+5}
 17919 | Gauntlet | Killed a minotaur
 18159 | Gauntlet | Identified the +8 short sword of Torhala {freeze, Str+3}
 18171 | Gauntlet | Identified the +3 leather armour of Elesuz {Str+3 Dex+3}
 18179 | Gauntlet | Identified the ring of Zorey {Fly rPois rC+++ Will- Dex-3}
 18266 | D:12     | Noticed Nessos
 18295 | D:12     | Killed Nessos
 19454 | D:13     | Found a frozen archway.
 19463 | IceCv    | Entered an ice cave
 19602 | IceCv    | Received a gift from Trog
 19620 | IceCv    | Reached skill level 15 in Fighting
 19959 | IceCv    | Identified the +10 whip "Qiunkoh" {speed, ^Fragile Dex+2
                  | SInv}
 20385 | IceCv    | Identified the ring "Woqoecel" {*Slow rPois Str-2 Int+6
                  | Dex+6}
 20534 | D:13     | Identified the +3 war axe of Deflation {flame, Str+5}
 20548 | D:13     | Found a gate to the Vaults.
 20790 | D:13     | Found a bloodstained altar of Trog.
 21770 | D:14     | Identified the +11 arbalest "Mauqyamu" {heavy, rElec Will++
                  | Str-2}
 21882 | D:14     | Noticed Lodul
 21890 | D:14     | Killed Lodul
 21891 | D:14     | Reached skill level 10 in Shields
 22504 | Lair:1   | Received a gift from Trog
 22569 | Lair:1   | Identified the +5 plate armour of the Pit {rC+ Will+ Int-3
                  | Dex+10}
 22981 | Lair:2   | Reached XP level 14. HP: 124/136 MP: 13/13
 23333 | Lair:2   | Found a staircase to the Swamp.
 24137 | Lair:3   | Received a gift from Trog
 24564 | Lair:3   | Reached skill level 15 in Armour
 24599 | Lair:3   | Found a hole to the Spider Nest.
 24944 | Spider:1 | Entered Level 1 of the Spider Nest
 25890 | Lair:4   | Reached skill level 5 in Evocations
 26555 | Lair:5   | Entered Level 5 of the Lair of Beasts
 26741 | Lair:5   | Reached XP level 15. HP: 136/145 MP: 14/14
 27038 | Lair:5   | Received a gift from Trog
 27042 | Lair:5   | Reached ****** piety under Trog
 27170 | Lair:5   | Identified the +6 chain mail of Vlad {rC+ rN+ Int+3}
 27509 | Lair:5   | Found a burning altar of Makhleb.
 27604 | Lair:5   | Found a gateway to Hell.
 27672 | Hell     | Entered the Vestibule of Hell
 27672 | Hell     | Noticed Geryon
 27948 | Lair:5   | Found a viscous altar of Jiyva.
 27949 | Lair:5   | Found a staircase to the Slime Pits.
 28458 | Orc:1    | Found a runed translucent door.
 28458 | Orc:1    | Noticed Ononaeto's ghost (journeyman HOFi)
 28521 | Orc:1    | Killed Ononaeto's ghost
 28666 | Orc:1    | Found Nadourgh's Gadget Gallery.
 28922 | Orc:2    | Entered Level 2 of the Orcish Mines
 29789 | Orc:2    | Found Lentec's Distillery.
 29839 | Orc:2    | Bought a potion of might for 48 gold pieces
 29883 | Orc:2    | Found Betank's Magic Scroll Emporium.
 29899 | Orc:2    | Received a gift from Trog
 29905 | Orc:2    | Bought a scroll of teleportation for 42 gold pieces
 29905 | Orc:2    | Bought a scroll of teleportation for 42 gold pieces
 29912 | Orc:2    | Found Atoysahe's Armour Shoppe.
 30019 | Orc:2    | Found a staircase to the Elven Halls.
 30454 | Spider:1 | Noticed Louise
 30674 | Spider:1 | Killed Louise
 31172 | D:5      | Bought a potion of heal wounds for 125 gold pieces
 31280 | D:10     | Bought a potion of heal wounds for 60 gold pieces
 32296 | Spider:1 | Reached XP level 16. HP: 157/157 MP: 15/15
 32610 | Spider:2 | Reached XP level 17. HP: 134/163 MP: 16/16
 32751 | Spider:2 | Identified the +6 war axe of Destiny {flame, rN++ rCorr
                  | Str+3 Int-5}
 32873 | Spider:2 | Reached skill level 15 in Shields
 32878 | Spider:2 | Received a gift from Trog
 34626 | Spider:3 | Gained mutation: You have sharp fingernails. [potion of
                  | mutation]
 34626 | Spider:3 | Gained mutation: Your health recovers twice as slowly from
                  | being drained. [potion of mutation]
 34626 | Spider:3 | Gained mutation: You are occasionally teleported next to
                  | monsters. [potion of mutation]
 35118 | Orc:2    | Bought a potion of mutation for 96 gold pieces
 35118 | Orc:2    | Lost mutation: Your health recovers twice as slowly from
                  | being drained. [potion of mutation]
 35118 | Orc:2    | Lost mutation: You are occasionally teleported next to
                  | monsters. [potion of mutation]
 35118 | Orc:2    | Lost mutation: You have sharp fingernails. [potion of
                  | mutation]
 35118 | Orc:2    | Gained mutation: Potions are less effective at restoring
                  | your health. [potion of mutation]
 35118 | Orc:2    | Gained mutation: You have sharp fingernails. [potion of
                  | mutation]
 35118 | Orc:2    | Gained mutation: You are vulnerable to cold. (rC-) [potion
                  | of mutation]
 35118 | Orc:2    | Gained mutation: You are resistant to electric shocks.
                  | (rElec) [potion of mutation]
 36356 | Spider:3 | Received a gift from Trog
 38025 | Spider:4 | Entered Level 4 of the Spider Nest
 40336 | Spider:4 | Received a gift from Trog
 41066 | Spider:3 | Reached XP level 18. HP: 176/176 MP: 17/17
 41934 | Spider:4 | Got a gossamer rune of Zot
 42016 | Spider:4 | Reached skill level 10 in Evocations
 42016 | Spider:4 | Reached XP level 19. HP: 183/183 MP: 18/18
 43195 | Vaults:1 | Entered Level 1 of the Vaults
 43302 | D:15     | Entered Level 15 of the Dungeon
 44813 | D:15     | Received a gift from Trog
 44852 | D:15     | Noticed Kirke
 44873 | D:15     | Killed Kirke
 45444 | D:15     | Found a staircase to the Depths.
 46208 | Depths:1 | Entered Level 1 of the Depths
 46529 | Swamp:1  | Entered Level 1 of the Swamp
 49103 | Swamp:4  | Entered Level 4 of the Swamp
 49214 | Swamp:4  | Identified the serpent talisman "Eboxaemp" {rCorr}
 49214 | Swamp:4  | Noticed Aizul
 49259 | Swamp:3  | Killed Aizul
 49259 | Swamp:3  | Received a gift from Trog
 50465 | Swamp:4  | Got a decaying rune of Zot
 51256 | Elf:1    | Entered Level 1 of the Elven Halls
 51924 | D:13     | Reached XP level 20. HP: 195/195 MP: 19/19
 52798 | Vaults:1 | Received a gift from Trog
 53632 | Vaults:1 | Lost mutation: Potions are less effective at restoring your
                  | health. [potion of mutation]
 53632 | Vaults:1 | Lost mutation: You have sharp fingernails. [potion of
                  | mutation]
 53632 | Vaults:1 | Gained mutation: You occasionally lose the ability to read
                  | scrolls when taking damage. [potion of mutation]
 53633 | Vaults:1 | Lost mutation: You are resistant to electric shocks.
                  | (rElec) [potion of mutation]
 53633 | Vaults:1 | Lost mutation: You are vulnerable to cold. (rC-) [potion of
                  | mutation]
 53633 | Vaults:1 | Lost mutation: You occasionally lose the ability to read
                  | scrolls when taking damage. [potion of mutation]
 53633 | Vaults:1 | Gained mutation: You are strong-willed. (Will+) [potion of
                  | mutation]
 53633 | Vaults:1 | Gained mutation: Your natural rate of healing is unusually
                  | fast. [potion of mutation]
 53633 | Vaults:1 | Gained mutation: You have a pair of large horns on your
                  | head. [potion of mutation]
 56810 | Vaults:2 | Received a gift from Trog
 57873 | Vaults:2 | Found a staircase to the Crypt.
 57950 | Crypt:1  | Entered Level 1 of the Crypt
 58528 | Vaults:2 | Received a gift from Trog
 59317 | Vaults:3 | Found Noceuxt's Assorted Antiques.
 59389 | Vaults:3 | Found a crumbling gateway.
 59398 | Desolati | Entered the Desolation of Salt
 59449 | Desolati | Received a gift from Trog
 59457 | Desolati | Reached XP level 21. HP: 206/206 MP: 20/20
 59465 | Desolati | Identified the +6 gold dragon scales "Umpumn" {rPois rF+
                  | rC+ MP+9 Str-3 Dex-2 Stlth+}
 59476 | Desolati | Lost intelligence.
 59517 | Desolati | Identified the ring of Pupaipsycs {Ice rPois}
 59889 | Desolati | Identified the ring of Vytabodgh {^Drain rPois Str+6 Int+3}
 60073 | Desolati | Identified the +1 long sword of Articulation {freeze, rElec
                  | MP+9 Int+3 Stlth+}
 60170 | Desolati | Received a gift from Trog
 60521 | Desolati | Reached skill level 15 in Axes
 60566 | Desolati | Received a gift from Trog
 60982 | Vaults:3 | Noticed Jory
 61920 | Vaults:3 | Noticed Asterion
 61934 | Vaults:3 | Killed Asterion
 62012 | Vaults:3 | Bought a shimmering morningstar for 243 gold pieces
 62012 | Vaults:3 | Identified the +0 morningstar of Exquisite Death {vamp,
                  | rPois} (You bought it in a shop on level 3 of the Vaults)
 62153 | Vaults:3 | Identified the +5 scale mail of the Beginning {rF+ Dex+4}
 62253 | Vaults:3 | Noticed Mennas
 62322 | Vaults:3 | Killed Mennas
 62516 | Vaults:3 | Identified the staff of Departure {rElec rC- Str+2 Int+4
                  | Hexes Air}
 62519 | Vaults:3 | Identified the +3 ring mail "Epluage" {rPois}
 62532 | Vaults:3 | Gained mutation: Your spells are a little easier to cast,
                  | but a little less powerful. [a shining eye]
 62784 | Vaults:3 | Identified the +2 ring mail of Cowiatom {rF- Dex+6}
 63015 | Vaults:3 | Killed Jory
 63240 | Vaults:3 | Received a gift from Trog
 63550 | Vaults:4 | Identified the +2 helmet "Peofur" {Str+2}
 63623 | Vaults:4 | Reached XP level 22. HP: 217/217 MP: 21/21
 63904 | Vaults:4 | Identified the +5 scale mail of the Armoured One {Str-2
                  | Dex+3 SInv}
 64324 | Vaults:4 | Received a gift from Trog
 64541 | Vaults:4 | Found Osaile Xyuka's Antique Weapon Shop.
 64761 | Vaults:5 | Entered Level 5 of the Vaults
 65380 | Vaults:4 | Received a gift from Trog
 66878 | Vaults:5 | HP: 6/222 [red very ugly thing (35)]
 66879 | Vaults:5 | Slain by a red very ugly thing

Illustrated notes

Levels and vault maps discovered:
D:1:      eino_arrival_water_cross, layout_loops_cross, minmay_tripent
D:2:      layout_basic, nicolae_ecumenical_oubliette, serial_shops, shop
D:3:      minmay_chambers_of_twos, layout_basic
D:4:      layout_layer_cave, lemuel_mausoleum_altar_yredelemnul, serial_shops,
          shop, serial_bayou, serial_bayou_pond_e, serial_bayou_pond_b,
          serial_bayou_pond_e, serial_bayou_pond_e, serial_bayou_pond_b
D:5:      layout_basic, serial_shops, shop, shop, nicolae_shop_advertising_works
          [nicolae_subvault_shop_adworks], shop
D:6:      layout_basic, zin_academy, minmay_temple_entry_overgrown,
          gammafunk_ghost_grave, serial_shops, nicolae_shop_tiny_statue_garden
D:7:      layout_loops_cross, serial_shops, nicolae_shop_tiny_real_fake_doors
D:8:      minmay_curly_fans, layout_basic, lair_entry_dummy, uniq_jeremiah,
          uniq_maggie, uniq_amaemon, uniq_maurice
D:9:      layout_gridville, general_overflow_altar, david_orc_5,
          dk_rats_in_the_wall
D:10:     layout_basic, serial_corexii_hall, corexii_hall_statues_x,
          corexii_hall_statues_t, serial_shops, nicolae_shop_hallway_stairs,
          kennysheep_opposing_triangles, uniq_sonja, uniq_erolcha
D:11:     layout_loops_corners, serial_shops, shop
D:12:     layout_basic, gauntlet_entry_generic, lemuel_flamethrower_2,
          uniq_nessos
D:13:     layout_basic, david_vaults_2, serial_ice, serial_ice_a, serial_ice_m,
          serial_ice_f, serial_ice_o, serial_ice_b, serial_ice_n, serial_ice_k,
          portal_ice_cave_rime, trog_butcher_becter
D:14:     kennysheep_four_of_diamonds, layout_gridville,
          amcnicky_mini_pool_small, kennysheep_treasure_room, uniq_lodul
D:15:     hangedman_depths_entry_try_elsewhere_first, layout_stronghold,
          grunt_decor_arrowhead, uniq_kirke
Temple:   compressed_dpeg_triangle_lava_temple
Lair:1:   layout_concentric_octagons, uniq_fannar
Lair:2:   layout_chaotic_city, mainiacjoe_swamp_entry_angry_trees
Lair:3:   layout_cave_pods, nicolae_spider_entry_tight_spaces, lemuel_fruit_tree
Lair:4:   layout_loops_ring, serial_bayou_shore_a
Lair:5:   evil_forest, layout_long_grid, slime_entry_2
Swamp:1:  layout_basic_swamp, wheals_swamp_sinkhole, swamp_pool_1_2
Swamp:2:  layout_basic_swamp, evilmike_swamp_ruin_wall, swamp_pool_3
Swamp:3:  layout_basic_swamp, evilmike_swamp_ruin_house_5
Swamp:4:  swamp, layout_basic_swamp, swamp_pool_1_2, uniq_aizul
Spider:1: nicolae_spider_hilbert_zone_5 [nicolae_spider_hilbert_3_sides_1_open,
          nicolae_spider_hilbert_4_sides_1_open,
          nicolae_spider_hilbert_4_sides_1_open,
          nicolae_spider_hilbert_6_sides_1_open,
          nicolae_spider_hilbert_6_sides_1_open], uniq_louise
Spider:2: layout_chambers, nicolae_spider_spiderdrome
Spider:3: layout_chambers, nicolae_spider_bug_shape
Spider:4: hellmonk_spider_rune_bug_friends
Orc:1:    layout_caves, hellmonk_ghost_happy_afterlife, nicolae_shop_gadgets
Orc:2:    st_orc_town, layout_diamond_mine
Elf:1:    eino_elf_arrival_shootout, layout_geoelf_octagon, evilmike_minifort,
          uniq_nikola
Vaults:1: vaults_standard_mumra_enter_the_diamond, ontoclasm_vaults_chip,
          st_more_cells, nicolae_vaults_big_ls, nicolae_vaults_wine_cellar,
          nicolae_vaults_trapezoid_lopsided_3, nicolae_vaults_closet_pinwheel_5,
          nicolae_vaults_little_squares_6, vaults_room_stairs_pillars,
          grunt_vaults_hallway_short, nicolae_vaults_prndl,
          layout_vaults_quadrants
Vaults:2: nicolae_vaults_hallways_thing, minmay_crypt_entry_simple_sparse,
          nicolae_vaults_diamond_1, nicolae_vaults_alarming,
          hangedman_vaults_impose, v_pattern_1, nicolae_vaults_diamond_2,
          nicolae_vaults_closet_pinwheel_2, nicolae_vaults_security_offices_3,
          vaults_dpeg_hooks, nicolae_vaults_tetromino_T_1,
          layout_vaults_omnicross
Vaults:3: portal_desolation_entry_ruin, v_rooms_2,
          serial_library_hellmonk_open_cross, nicolae_vaults_closet_pinwheel_5,
          nicolae_vaults_network_s, nicolae_vaults_big_angled_halls,
          grunt_vaults_diagonal, nicolae_vaults_closet_pinwheel_3,
          nicolae_vaults_yaktaur_gun_rack,
          nicolae_vaults_storing_the_good_stuff, nicolae_vaults_heist,
          nicolae_vaults_asterisk, layout_vaults_maze, serial_shops, shop,
          uniq_mennas, uniq_asterion, uniq_jory
Vaults:4: nicolae_vaults_shipping_containers_1, vaults_mumra_hexcomb,
          ontoclasm_vaults_pinch, nicolae_vaults_storage_room_statues,
          ontoclasm_vaults_shuriken, ontoclasm_vaults_eye, vaults_dpeg_ring,
          hangedman_vaults_snaps, nicolae_vaults_house_2, vaults_room_door_hall,
          nicolae_vaults_six-pack, layout_vaults_big_room, serial_shops, shop
Vaults:5: serial_shops
Crypt:1:  layout_chaotic_city, basic_altar, grunt_crypt_arrival_webbed,
          grunt_megastairs_3
Depths:1: minmay_the_grid_triangle_9x9_rhombus_full
          [minmay_the_grid_triangle_9x9_semitri,
          minmay_the_grid_triangle_9x9_longest,
          minmay_the_grid_triangle_9x9_cache,
          minmay_the_grid_triangle_9x9_sparse_checkered,
          minmay_the_grid_triangle_9x9_windchime,
          minmay_the_grid_triangle_9x9_tough_junction,
          minmay_the_grid_triangle_9x9_limited_checkers,
          minmay_the_grid_triangle_9x9_prize_insulated], layout_gridlike,
          rand_demon_pan_entry_8, hangedman_tar_grid_catacomb,
          serial_sigils_hangedman_writhe, laboratory, uniq_mara
Hell

Skill      XL: |  1  2  3  4  5  6  7  8  9 10 11 12 13 14 15 16 17 18 19 20 21 22 |
---------------+-------------------------------------------------------------------+-----
Fighting       | 4 5 6 7 8 13 14 15 16 18 19 20 21 22 23 | 23.8
Axes           | 4 5 6 7 8 10 12 13 15 16 | 16.6
Dodging        | 3 4 5 6 7 |  7.8
Stealth        | 1 3 |  3.7
Armour         | 3 5 7 8 9 10 11 13 16 17 18 19 20 21 22 | 22.5
Shields        | 2 4 5 6 8 10 12 14 17 19 21 22 23 | 23.0
Polearms       | 5 7 9 |  9.1
Evocations     | 1 3 5 8 9 10 11 12 13 | 13.4
Short Blades   | |  0.4

Action                     |  1- 3 |  4- 6 |  7- 9 | 10-12 | 13-15 | 16-18 | 19-21 | 22-24 || total
---------------------------+-------+-------+-------+-------+-------+-------+-------+-------++-------
  Melee: Hand axe          |   114 |    87 |   389 |    27 |       |       |       |       ||   617
         Headbutt          |    15 |    14 |    76 |    99 |   500 |   357 |   814 |   125 ||  2000
         Punch             |     1 |     1 |       |       |       |       |       |       ||     2
         Trident           |       |       |    14 |   450 |  1949 |  1161 |  1711 |       ||  5285
         War axe           |       |       |       |       |       |       |   964 |   348 ||  1312
         Short sword       |       |       |       |       |       |       |    29 |       ||    29
  Throw: Throwing net      |       |       |       |       |     3 |       |       |       ||     3
 Invoke: Berserk           |       |       |     3 |       |       |     4 |     2 |       ||     9
  Evoke: Wand              |       |       |     4 |    16 |     2 |    13 |    15 |       ||    50
         Phial of floods   |       |       |       |       |       |       |     1 |       ||     1
    Use: Scroll            |     1 |    12 |     3 |    10 |    14 |     3 |    17 |     2 ||    62
         Potion            |       |       |       |     1 |     5 |     5 |     4 |     3 ||    18
   Stab: Paralysed         |       |       |       |       |     5 |     7 |       |       ||    12
         Distracted        |       |       |       |       |       |       |     1 |       ||     1
 Armour: Animal skin       |    60 |       |       |       |       |       |       |       ||    60
         Ring mail         |     7 |    57 |   110 |       |       |       |       |       ||   174
         Plate armour      |       |       |   169 |   331 |  1793 |  1522 |  2068 |   244 ||  6127
         Gold dragon scale |       |       |       |       |       |       |    60 |       ||    60
  Dodge: Dodged            |    67 |    54 |   135 |   137 |   887 |   541 |   968 |   129 ||  2918
  Block: Kite shield       |       |       |   124 |   213 |  1338 |       |       |       ||  1675
         Tower shield      |       |       |       |       |   112 |  1677 |  3484 |   550 ||  5823
